 Dungeon Crawl Stone Soup version 0.28.0-43-g3370ac3207 (webtiles) character file.

Game seed: 2872342684796524164

64 marklar909 the Skirmisher (level 3, 0/31 HPs)
             Began as a Palentonga Fighter on Mar 22, 2022.
             Succumbed to an adder's poison
             ... on level 3 of the Dungeon.
             The game lasted 00:01:36 (1901 turns).

marklar909 the Skirmisher (Palentonga Fighter)      Turns: 1901, Time: 00:01:37

Health: 0/31       AC:  6    Str: 21    XL:     3   Next: 91%
Magic:  3/3        EV:  7    Int: 14    God:
Gold:   56         SH:  4    Dex:  9    Spells: 2/2 levels left

rFire   . . .      SeeInvis +   a - +0 long sword
rCold   . . .      Faith    .   c - +0 buckler
rNeg    . . .      Spirit   .   b - +0 scale mail
rPois   .          Reflect  .   (no helmet)
rElec   .          Harm     .   (no cloak)
rCorr   .          Rampage  .   (no gloves)
Will    .....                   (no barding)
Stlth   ..........              (no amulet)
HPRegen 0.10/turn               e - +6 ring of intelligence
MPRegen 0.08/turn               (no ring)

@: mighty, lethally poisoned (0 -> -4)
A: large, rugged brown scales 3, see invisible, deformed body, roll 1, armoured
tail
a: Rolling Charge


You were on level 3 of the Dungeon.
You visited 1 branch of the dungeon, and saw 3 of its levels.

You collected 56 gold pieces.

Inventory:

Hand Weapons
 a - a +0 long sword (weapon)
Armour
 b - a +0 scale mail (worn)
 c - a +0 buckler (worn)
Jewellery
 e - a +6 ring of intelligence (left hand)
Scrolls
 f - a scroll of identify {unknown}
Potions
 g - a potion of magic


   Skills:
 + Level 3.6 Fighting
 + Level 2.6 Long Blades
 + Level 2.8 Armour
 + Level 0.6 Dodging
 + Level 2.7 Shields


You had 2 spell levels left.
You didn't know any spells.
Your spell library contained the following spells:

 Spells                   Type           Power      Damage    Failure   Level
 Conjure Flame            Conj/Fire      0%         6-21      96%         3
 Ignite Poison            Fire/Tmut/Pois 0%         N/A       96%         3
 Sticky Flame             Conj/Fire      0%         2d3       100%        4


Dungeon Overview and Level Annotations

Branches:
Dungeon (3/15)

Altars:


Innate Abilities, Weirdness & Mutations

You are completely covered in rugged brown scales. (AC +3, +7% HP)
You have supernaturally acute eyesight. (SInv)
Armour fits poorly on your strangely shaped body.
You can roll at nearby foes to attack.
You have a long armoured tail.


Message History

The orc shouts! x2
An orc comes into view. It is wielding a +0 club.
There are monsters nearby!
An orc comes into view. It is wielding a +0 dagger.
There are monsters nearby!
You barely miss the adder. The adder bites you but does no damage.
The adder closely misses you.
There are monsters nearby!
You miss the adder.
Your tail-slap misses the adder.
The adder bites you. x2
You are poisoned.
The adder poisons you!
You miss the adder.
You feel sick. The adder bites you.
You are more poisoned.
The adder poisons you! The orc barely misses you. You block the orc's attack.
You feel sick. The adder bites you.
You are more poisoned.
The adder poisons you!
You feel sick.
You feel sick. The orc completely misses you.
You feel sick.
You feel sick.
Okay, then.
You feel very mighty all of a sudden.
You feel sick. The adder bites you but does no damage.
You closely miss the adder.
You feel sick. The adder bites you.
* * * LOW HITPOINT WARNING * * *
You are lethally poisoned!
The adder poisons you! The adder bites you but does no damage.
You slash the adder!
You kill the adder!
* * * LOW HITPOINT WARNING * * *
You feel very sick.
* * * LOW HITPOINT WARNING * * *
You feel sick.
It was a potion of magic.
Magic courses through your body.
* * * LOW HITPOINT WARNING * * *
You feel sick.
The orc throws a boomerang.
The boomerang hits you but does no damage.
You aren't carrying any items that you can evoke.
You die...

#......####...
....#..#<.....#
###.#..########
........).#
.....####.# #####
#†#######
########.#.....##
.........'.......
########@#......#
#.#......#
#.######.#
#o##### # #oo...#
#########o....#
#.............#
#.............#
#.............#


You could see 4 orcs.

Vanquished Creatures
  2 adders
  A worm (D:2)
  An orc (D:3)
  5 endoplasms
  4 giant cockroaches
  6 goblins
  6 hobgoblins
  2 kobolds
  A quokka (D:1)
  A ball python (D:1)
  2 bats
  3 frilled lizards
  5 rats
39 creatures vanquished.

Notes
Turn   | Place    | Note
-------+----------+-------------------------------------------
     0 | D:1      | marklar909 the Palentonga Fighter began the quest for the
                  | Orb.
     0 | D:1      | Reached XP level 1. HP: 19/19 MP: 1/1
   156 | D:1      | Reached XP level 2. HP: 24/25 MP: 2/2
   787 | D:2      | Reached XP level 3. HP: 19/31 MP: 3/3
  1900 | D:3      | HP: 1/31 [poisoned by an adder]
  1901 | D:3      | Succumbed to an adder's poison

Illustrated notes

Levels and vault maps discovered:
D:1:      psy_arrival_terrarium, layout_rooms
D:2:      layout_basic, grunt_decor_junction, kennysheep_another_room,
          minmay_pentomino_u2
D:3:      layout_basic, ebering_ecumenical_altar_petrified

Action                   || total
-------------------------++-------
Melee: Long sword        ||   105
       Tailslap          ||     7
  Use: Potion            ||     2
Armor: Scale mail        ||    49
Dodge: Dodged            ||    33
Block: Buckler           ||    18
